 Dungeon Crawl Stone Soup version 0.31.0-32-g396128a36d (webtiles) character file.

Game seed: 828648125525757333

57990 sking99 the Fetichist (level 13, -1/102 (117) HPs)
             Began as a Purple Draconian Shapeshifter on Mar 9, 2024.
             Was a High Priest of Ru.
             Succumbed to barbed spike wounds
             ... on level 2 of the Orcish Mines.
             The game lasted 00:52:44 (23718 turns).

sking99 the Fetichist (DrSh)                       Turns: 23718, Time: 00:52:45

HP:   -1/102 (117)  AC: 13    Str: 20    XL:     13   Next: 47%
MP:   13/13         EV: 14    Int: 12    God:    Ru [*****.]
Gold: 1729          SH: 11    Dex: 14    Spells: 12/12 levels left

rFire   + . .        z - +9 lance "Wyrmbane" {slay drac, rPois rF+ rC+ AC+3}
rCold   + + .        M - +0 buckler
rNeg    + . .        (body armour unavailable)
rPois   +            (helmet restricted)
rElec   +            h - +0 cloak
rCorr   .            (no gloves)
SInv    .            a - +0 pair of boots "Qucrasir" {rElec rN+ Dex+3}
Will    +....        t - amulet of reflection Stlth
                     Q - ring of willpower
HPRegen 0.37/turn    v - ring of protection from cold
MPRegen 0.13/turn

%: inaccuracy (-5), reflection
@: spiked, heavily drained, invisible
A: breathe power, AC +8, unfitting armour, cold-blooded, no stealth, no
conjurations magic, no ice magic, no alchemy magic, weak-willed 1, inexperienced
1, missing an eye
a: Breathe Dispelling Energy, Renounce Religion, Draw Out Power, Power Leap,
Apocalypse


You were on level 2 of the Orcish Mines.
You worshipped Ru.
Ru was extremely pleased with you.
You visited 4 branches of the dungeon, and saw 20 of its levels.

You collected 1751 gold pieces.
You spent 22 gold pieces at shops.

Inventory:

Hand Weapons
 z - the +9 lance "Wyrmbane" (weapon) {slay drac, rPois rF+ rC+ AC+3}
   (You took it off Maggie on level 7 of the Dungeon)

   AC+3:      It affects your AC (+3).
   rF+:       It protects you from fire.
   rC+:       It protects you from cold.
   rPois:     It protects you from poison
Missiles
 D - 2 throwing nets
Armour
 a - the +0 pair of boots "Qucrasir" (worn) {rElec rN+ Dex+3}
   (You acquired it on level 6 of the Dungeon)

   Dex+3:     It affects your dexterity (+3).
   rElec:     It insulates you from electricity.
   rN+:       It protects you from negative energy.
 h - a +0 cloak (worn)
 M - a +0 buckler (worn)
Jewellery
 k - a ring of see invisible
 t - an amulet of reflection (around neck)
 u - a +6 ring of intelligence
 v - a ring of protection from cold (right hand)
 B - a +6 ring of dexterity
 N - an amulet of the acrobat
 Q - a ring of willpower (left hand)
 T - a ring of fire
Talismans
 b - a beast talisman
 c - a flux talisman
Wands
 g - a wand of charming (11)
 y - a wand of mindburst (10)
 E - a wand of acid (4)
 J - a wand of digging (6)
 K - a wand of roots (7) (quivered)
Scrolls
 d - 3 scrolls of enchant weapon
 f - 4 scrolls of amnesia
 l - 6 scrolls of teleportation
 m - a scroll of fear {unknown}
 n - 3 scrolls of silence
 o - 6 scrolls of immolation
 r - 3 scrolls of fog
 s - 6 scrolls of vulnerability
 w - a scroll of revelation
 L - 2 scrolls of torment
 O - a scroll of enchant armour
 P - a scroll of noise
 S - 2 scrolls of identify
Potions
 e - 2 potions of curing
 i - 2 potions of magic
 j - a potion of cancellation
 p - a potion of enlightenment
 q - 2 potions of attraction
 x - 12 potions of degeneration
 A - a potion of ambrosia
 C - a potion of haste
 F - a potion of mutation
 G - a potion of invisibility
 H - 4 potions of lignification
 I - a potion of resistance
 R - 2 potions of might
 V - a potion of brilliance {unknown}
Miscellaneous
 U - a phial of floods


   Skills:
 + Level 11.7 Fighting
 - Level 12.0 Polearms
 + Level 5.6 Dodging
 + Level 8.7 Shields
 - Level 9.1 Unarmed Combat
 + Level 15.1 Evocations
 - Level 7.0 Shapeshifting


You had 12 spell levels left.
You didn't know any spells.
Your spell library contained the following spells:

 Spells                   Type           Power      Damage    Failure   Level
 Sandblast                Erth           0%         2d4       36%         1
 Summon Small Mammal      Summ           0%         N/A       36%         1
 Lesser Beckoning         Tloc           0%         N/A       52%         2
 Scorch                   Fire           0%         2d5       52%         2
 Call Canine Familiar     Summ           0%         N/A       75%         3
 Gell's Gravitas          Tloc           0%         N/A       75%         3
 Passwall                 Erth           0%         N/A       75%         3
 Teleport Other           Tloc           0%         N/A       75%         3
 Airstrike                Air            0%         2d(0-16)  98%         4
 Summon Blazeheart Golem  Fire/Summ      0%         N/A       98%         4
 Summon Lightning Spire   Summ/Air       0%         N/A       98%         4
 Curse of Agony           Necr           0%         N/A       100%        5
 Silence                  Hex/Air        0%         N/A       100%        5
 Summon Cactus Giant      Summ           0%         N/A       100%        6
 Magic Dart               Conj           Unusable   1d3       N/A         1
 Mercury Vapours          Alch/Air       Unusable   N/A       N/A         2
 Searing Ray              Conj           Unusable   2d4       N/A         2
 Static Discharge         Conj/Air       Unusable   3-3/arc   N/A         2
 Dazzling Flash           Conj/Hex       Unusable   N/A       N/A         3
 Mephitic Cloud           Conj/Alch/Air  Unusable   N/A       N/A         3
 Stone Arrow              Conj/Erth      Unusable   3d7       N/A         3
 Brom's Barrelling Bould  Conj/Erth      Unusable   2d3       N/A         4
 Flame Wave               Conj/Fire      Unusable   2d4       N/A         4
 Fulminant Prism          Conj/Alch      Unusable   3d5       N/A         4
 Freezing Cloud           Conj/Ice/Air   Unusable   6-21      N/A         5

Dungeon Overview and Level Annotations

Branches:
Dungeon (12/15)            Temple (1/1) D:5            Lair (5/5) D:11
 Shoals (0/4) Lair:3        Snake (0/4) Lair:3        Slime (0/5) Lair:4
    Orc (2/2) D:11
    Elf: Orc:2

Altars:
Ashenzari
Cheibriados
Dithmenos
Elyvilon
Fedhas
Gozag
Hepliaklqana
Kikubaaqudgha
Makhleb
Nemelex Xobeh
Okawaru
Qazlal
Ru
Sif Muna
Trog
Uskayaw
Vehumet
Wu Jian
Xom
Yredelemnul
Zin
The Shining One
Jiyva
Lugonu

Shops:
D:1 ?([*[   D:5 :[(   Orc:1 [   Orc:2 =

Portals:
Abyss: Lair:5
Trove: D:11 (give 20 potions of curing)

Annotations:
D:4 3 runed translucent doors, jombi's ghost, amateur OpSh
D:11 exclusion: orange crystal statue
Lair:4 exclusion: oklob plant


Innate Abilities, Weirdness & Mutations

You can breathe bolts of dispelling energy.
Your rich purple scales are hard. (AC +8)
You cannot fit into any form of body armour.
You are cold-blooded and may be slowed by cold attacks.
You cannot be stealthy.
You cannot study or cast Conjurations magic.
You cannot study or cast Ice magic.
You cannot study or cast Alchemy magic.
You are slightly weak-willed. (Will-)
You are somewhat inexperienced. (-1 XL)
You are missing an eye, making it more difficult to aim.


Message History

You partially resist.
You feel drained.
* * * LOW HITPOINT WARNING * * *
You block the orc high priest's attack.
The red devil is stunned by your conviction and fails to attack.
You redirect the smoke demon's attack!
You block the smoke demon's attack. The smoke demon barely misses you.
The smoke demon hits you but does no damage.
You fade into invisibility!
An orc comes into view.
It is wielding a +2 short sword of holy wrath.
The orc high priest begins to pray, but is stunned by your conviction!
The red devil barely misses you. The red devil misses you.
The barbed spikes dig painfully into your body as you move.
* * * LOW HITPOINT WARNING * * *
The red devil stops glowing.
The orc warrior hits you with a +0 hand axe!
* * * LOW HITPOINT WARNING * * *
You feel better.
The orc shouts!
The orc warrior hits you with a +0 hand axe.
* * * LOW HITPOINT WARNING * * *
An orc warrior comes into view.
It is wielding a +2 flail of protection.
An orc comes into view. It is wielding a +0 club.
You redirect the orc warrior's attack!
The orc warrior barely misses itself.
The red devil completely misses you. You block the red devil's attack.
The barbed spikes dig painfully into your body as you move.
* * * LOW HITPOINT WARNING * * *
The orc shouts!
You hear a shout!
The orc hits you but does no damage.
The smoke demon gestures at the orc.
The pyre arrow hits the orc.
The orc shouts!
The barbed spikes dig painfully into your body as you move.
* * * LOW HITPOINT WARNING * * *
You feel less exhausted.
The orc warrior shouts!
The orc shouts!
You hear a shout!
The orc burns!
The orc dies!
The barbed spikes dig painfully into your body as you move.
You die...

..$..oo...........
...................
...................
.....3.............
.....o................
.....4o4..............
.......o$..........8.∩
........#....###......
.......#@....###......
........#....#.#....P.
...............÷#
.........#......##
#......................#
#......................##.
##...#.....................
#.................#.#.......
#..................#........


You could see an orc warlord (unable to see you), a smoke demon (summoned,
unable to see you), 2 red devils and 2 orc warriors.

Vanquished Creatures
  Rupert (Lair:3)
  Fannar (Lair:3)
  Harold (D:9)
  2 hydras
  2 boulder beetles
  A catoblepas (Lair:5)
  A two-headed ogre (D:12)
  3 death yaks
  An orc high priest (Orc:2)
  3 thrashing horrors (Lair:5)
  Amaemon (Lair:3)
  A skyshark (Lair:3)
  A fire crab (shapeshifter) (Lair:5)
  A lindwurm (Lair:5)
  3 orc knights
  3 orc sorcerers (Orc:1)
  2 ugly things
  2 large abominations (Lair:5)
  3 cyclopes
  6 elephants (Lair:2)
  2 kobold blastminers (Orc:1)
  Joseph (D:10)
  6 black mambas
  13 cane toads
  A smoke demon (Lair:5)
  Maggie (D:7)
  9 komodo dragons
  An orange demon (Lair:3)
  2 kobold demonologists (D:11)
  4 trolls
  2 polar bears
  A troll (shapeshifter) (Lair:5)
  17 blink frogs
  2 raiju (Lair:5)
  A raiju (shapeshifter) (Lair:5)
  A hornet (D:10)
  18 dream sheep
  A spriggan (Lair:5)
  4 wyverns
  6 small abominations (Lair:5)
  A wraith (D:10)
  3 ynoxinuls (Lair:5)
  3 wargs
  3 basilisks
  56 yaks
  A chaos spawn (Lair:5)
  2 nagas (Lair:3)
  An acid dragon (D:9)
  10 water moccasins
  18 orc warriors
  2 ice beasts
  3 black bears
  2 sky beasts (D:6)
  3 ogres
  9 wolves (Lair:3)
  5 centaurs
  A phantom (D:6)
  4 kobold brigands
  14 bullfrogs
  5 scorpions
  9 wights
  12 killer bees
  5 howler monkeys
  An electric eel (Lair:3)
  3 bombardier beetles
  5 jellies
  21 orc priests
  4 hounds
  An iguana (D:5)
  26 orc wizards
  Robin (D:2)
  7 gnolls
  7 adders
  4 white imps
  An ufetubus (D:6)
  A ribbon worm (D:3)
  A dart slug (D:5)
  52 orcs
  13 endoplasms
  3 giant cockroaches
  15 goblins
  9 hobgoblins
  6 quokkas
  2 ball pythons
  4 bats
  A frilled lizard (D:1)
  19 kobolds
  7 rats
518 creatures vanquished.

Vanquished Creatures (others)
  An orc knight (Orc:1)
  A water moccasin (Lair:3)
  3 orcs
5 creatures vanquished.

Grand Total: 523 creatures vanquished

Notes
Turn   | Place    | Note
-------+----------+-------------------------------------------
     0 | D:1      | sking99 the Draconian Shapeshifter began the quest for the
                  | Orb.
     0 | D:1      | Reached XP level 1. HP: 16/16 MP: 1/1
   201 | D:1      | Reached XP level 2. HP: 14/23 MP: 2/2
   245 | D:1      | Found Ivvit's Armour Shop.
   387 | D:1      | Found Zoats's Weapon Emporium.
   492 | D:1      | Found Wysoyr's Assorted Antiques.
   586 | D:1      | Found Roenicus's Armour Boutique.
   866 | D:1      | Found Usuufiny's Magic Scroll Emporium.
   869 | D:1      | Bought a scroll of identify for 22 gold pieces
  1003 | D:2      | Reached XP level 3. HP: 29/29 MP: 3/3
  1416 | D:2      | Reached XP level 4. HP: 33/37 MP: 4/4
  1542 | D:2      | Identified the +1 spear of Puxyru {freeze, rPois rC+ SInv}
  2071 | D:2      | Noticed Robin
  2091 | D:2      | Killed Robin
  2635 | D:3      | Found a glowing silver altar of Zin.
  2898 | D:4      | Noticed a black bear
  3139 | D:4      | Noticed a scorpion
  3164 | D:3      | Reached XP level 5. HP: 27/45 MP: 5/5
  3274 | D:4      | Reached skill level 5 in Unarmed Combat
  3506 | D:4      | Found a white marble altar of Elyvilon.
  3532 | D:3      | Killed a black bear
  3533 | D:3      | Reached XP level 6. HP: 52/52 MP: 6/6
  3743 | D:4      | Found a runed translucent gate.
  3743 | D:4      | Found a runed translucent gate.
  3743 | D:4      | Found a runed translucent gate.
  3744 | D:4      | Noticed jombi's ghost (amateur OpSh)
  3769 | D:4      | Noticed a two-headed ogre
  3894 | D:5      | Entered Level 5 of the Dungeon
  3906 | D:5      | Noticed an ice beast
  3920 | D:5      | Killed an ice beast
  4067 | D:5      | Found a staircase to the Ecumenical Temple.
  4077 | Temple   | Found a transporter.
  4077 | Temple   | Found a transporter.
  4077 | Temple   | Found a transporter.
  4077 | Temple   | Found a transporter.
  4077 | Temple   | Entered the Ecumenical Temple
  4097 | Temple   | Became a worshipper of Ru the Awakened
  4236 | D:5      | Found a shadowy altar of Dithmenos.
  4266 | D:5      | Your scales start taking on a rich purple colour.
  4266 | D:5      | Reached XP level 7. HP: 57/59 MP: 7/7
  4562 | D:5      | Found Iluirumu's Book Shoppe.
  4564 | D:5      | Found Fere's Armour Emporium.
  4566 | D:5      | Found Kuox's Antique Weapon Shoppe.
  4657 | D:5      | Reached skill level 1 in Evocations
  5279 | D:6      | Identified a scroll of acquirement
  5280 | D:6      | Acquired the +0 pair of boots "Qucrasir" {rElec rN+ Dex+3}
  5302 | D:6      | Found a shimmering altar of Xom.
  5488 | D:6      | Reached skill level 2 in Evocations
  6089 | D:6      | Reached skill level 5 in Shapeshifting
  6133 | D:6      | Found a stormy altar of Qazlal.
  6170 | D:6      | Reached skill level 3 in Evocations
  6170 | D:6      | Reached XP level 8. HP: 40/66 MP: 8/8
  6293 | D:6      | Gained mutation: You are slightly weak-willed. (Will-) [Ru
                  | sacrifice]
  6293 | D:6      | Reached * piety under Ru
  6490 | D:6      | Noticed a cyclops
  6495 | D:6      | Reached skill level 4 in Evocations
  6511 | D:6      | Killed a cyclops
  6512 | D:6      | Reached skill level 5 in Evocations
  6582 | D:6      | Found a hazy altar of Hepliaklqana.
  6691 | D:6      | Reached XP level 9. HP: 71/71 MP: 9/9
  7035 | D:6      | Noticed a cyclops
  7048 | D:6      | Killed a cyclops
  7049 | D:6      | Reached skill level 6 in Evocations
  7386 | D:7      | Noticed Maggie
  7389 | D:7      | Killed Maggie
  7390 | D:7      | Reached skill level 7 in Evocations
  7716 | D:7      | Reached skill level 1 in Polearms
  7865 | D:7      | Found a snail-covered altar of Cheibriados.
  8285 | D:7      | Reached skill level 8 in Evocations
  8466 | D:8      | Reached XP level 10. HP: 49/79 MP: 10/10
  8606 | D:8      | Found a sparkling altar of Nemelex Xobeh.
  8644 | D:8      | Found a burning altar of Makhleb.
  8762 | D:8      | Gained mutation: You cannot be stealthy. [Ru sacrifice]
  8762 | D:8      | Reached ** piety under Ru
  9261 | D:9      | Noticed Harold
  9272 | D:9      | Killed Harold
  9273 | D:9      | Reached skill level 5 in Polearms
  9273 | D:9      | Reached skill level 9 in Evocations
  9458 | D:9      | Found a blossoming altar of Fedhas.
  9668 | D:9      | Found a bloodstained altar of Trog.
  9695 | D:9      | Reached skill level 10 in Evocations
  9766 | D:9      | Found a shimmering blue altar of Sif Muna.
 10550 | D:10     | Entered Level 10 of the Dungeon
 10662 | D:10     | Identified the +4 great mace of Leguceg {heavy, Dex+2}
 10724 | D:10     | Reached XP level 11. HP: 22/84 MP: 11/11
 10974 | D:10     | Reached skill level 11 in Evocations
 11211 | D:10     | Gained mutation: You cannot study or cast Ice magic. [Ru
                  | sacrifice]
 11211 | D:10     | Gained mutation: You cannot study or cast Alchemy magic.
                  | [Ru sacrifice]
 11211 | D:10     | Gained mutation: You cannot study or cast Conjurations
                  | magic. [Ru sacrifice]
 11211 | D:10     | Reached *** piety under Ru
 11401 | D:10     | Found an opulent altar of Gozag.
 11467 | D:10     | Noticed Joseph
 11497 | D:10     | Killed Joseph
 11936 | D:11     | Found a portal to a secret trove of treasure.
 11986 | D:11     | Noticed an orange crystal statue
 12046 | D:11     | Noticed a cyan ugly thing
 12056 | D:11     | Killed a cyan ugly thing
 12176 | D:11     | Reached skill level 5 in Fighting
 12405 | D:11     | Noticed a boulder beetle
 12451 | D:11     | Killed a boulder beetle
 12733 | D:11     | Noticed a sun demon
 13038 | D:11     | Found a staircase to the Orcish Mines.
 13146 | D:11     | Found a staircase to the Lair.
 14029 | D:12     | Noticed a two-headed ogre
 14039 | D:12     | Killed a two-headed ogre
 14161 | Lair:1   | Entered Level 1 of the Lair of Beasts
 14187 | Lair:1   | Gained mutation: You are somewhat inexperienced. (-1 XL)
                  | [Ru sacrifice]
 14187 | Lair:1   | Reached XP level 10. HP: 81/83 MP: 10/10
 14187 | Lair:1   | Reached **** piety under Ru
 14187 | Lair:1   | Reached ***** piety under Ru
 14263 | Lair:1   | Reached XP level 11. HP: 79/91 MP: 11/11
 14284 | Lair:1   | Reached skill level 10 in Polearms
 14384 | Lair:1   | Reached skill level 12 in Evocations
 14998 | Lair:1   | Reached skill level 1 in Shields
 16008 | Lair:2   | You fall into a shaft and drop 2 floors!
 16204 | Lair:4   | Noticed a five-headed hydra
 16268 | Lair:4   | Killed a five-headed hydra
 16565 | Lair:4   | Found a staircase to the Slime Pits.
 16565 | Lair:4   | Found a viscous altar of Jiyva.
 16935 | Lair:4   | Noticed a boulder beetle
 16972 | Lair:4   | Killed a boulder beetle
 16973 | Lair:4   | Reached XP level 12. HP: 54/103 MP: 6/12
 17438 | Lair:3   | Noticed Fannar
 17452 | Lair:3   | Killed Fannar
 17453 | Lair:3   | Reached skill level 13 in Evocations
 17593 | Lair:3   | Noticed Amaemon
 17611 | Lair:3   | Killed Amaemon
 17659 | Lair:3   | Found a staircase to the Snake Pit.
 17853 | Lair:3   | Reached skill level 5 in Shields
 18077 | Lair:3   | Found a staircase to the Shoals.
 18575 | Lair:3   | Noticed Rupert
 18578 | Lair:3   | Paralysed by Rupert for 3 turns
 18590 | Lair:3   | Killed Rupert
 19210 | Lair:2   | Reached skill level 10 in Fighting
 19210 | Lair:2   | Reached skill level 14 in Evocations
 19595 | Lair:5   | Entered Level 5 of the Lair of Beasts
 20684 | Lair:5   | Reached XP level 13. HP: 91/115 MP: 13/13
 20990 | Lair:5   | Found a corrupted altar of Lugonu.
 20996 | Lair:5   | Found a one-way gate to the infinite horrors of the Abyss.
 21401 | Lair:5   | Gained mutation: You are missing an eye, making it more
                  | difficult to aim. [Ru sacrifice]
 22105 | Orc:1    | Entered Level 1 of the Orcish Mines
 22216 | D:11     | Reached skill level 5 in Dodging
 22792 | Orc:1    | Reached skill level 15 in Evocations
 23066 | Orc:1    | Found Fomeg's Antique Armour Shoppe.
 23289 | Orc:2    | Entered Level 2 of the Orcish Mines
 23410 | Orc:2    | Found Zuppuk's Jewellery Shop.
 23700 | Orc:2    | Noticed an orc warlord
 23714 | Orc:2    | HP: 1/102 [orc warrior/+0 hand axe (14)]
 23718 | Orc:2    | Succumbed to barbed spike wounds

Illustrated notes

Levels and vault maps discovered:
D:1:      ebering_hopf_link, layout_loops_cross, serial_shops, shop, shop, shop,
          nicolae_shop_rolled_up, nicolae_shop_peninsula
D:2:      minmay_wonky_spiral, layout_loops_ring, kennysheep_generic_room_15,
          uniq_robin
D:3:      layout_loops_cross, zin_statuary, serial_bayou_pond_e, minivault_23,
          minmay_misc_feat_doors
D:4:      layout_cave_pools, mainiacjoe_overflow_concentric_impassable,
          gammafunk_ghost_nasty_kobolds
D:5:      layout_gridville, mainiacjoe_overflow_chevrons, temple_statues,
          roderic_lattice_a, nicolae_wooded_promenade, grunt_decor_arrowhead
D:6:      minmay_chambers_of_sixes, layout_cave_pools,
          nicolae_qazlal_scattered_showers, mainiacjoe_overflow_cross_hatched,
          lemuel_tele_altar, hangedman_decor_diamond_cutter
D:7:      layout_loops_ring, mainiacjoe_overflow_alcove_1, chequers_avenue,
          hangedman_decor_points, uniq_maggie
D:8:      layout_basic, kennysheep_little_box,
          nemelex_xobeh_ov_fountains_minmay, nicolae_the_louvre
D:9:      layout_cave_pools, mainiacjoe_overflow_tiny_flanked,
          kennysheep_orc_sif_temple, mainiacjoe_overflow_brackets,
          enter_bailey_7, david_defended_altar_orc, uniq_harold
D:10:     layout_basic, nicolae_gozag_seed_capital, uniq_joseph
D:11:     layout_cave_pods, grunt_lair_entry_orc_guard_hut, hiddenorc1_lemuel,
          enter_trove_6, minivault_16
D:12:     layout_rooms, disabler_island, uniq_lodul
Temple:   hellmonk_temple_divided_pantheon
Lair:1:   layout_long_grid, serial_bayou_pond_b, infiniplex_staircase_pool_2,
          serial_bayou_shore_b, grunt_megastairs_4
Lair:2:   layout_chaotic_city, lemuel_fruit_fields
Lair:3:   layout_cave_pods, elwin_shoals_entry_rocks,
          guppyfry_snake_entry_garden, serial_bayou_shore_b,
          infiniplex_staircase_pool, uniq_fannar, uniq_amaemon, uniq_rupert
Lair:4:   layout_misc_corridors, slime_entry_1, minmay_lair_oklob_items
Lair:5:   hellmonk_lair_end_abyssal_woods, layout_cave_pods, minivault_23,
          minivault_23
Orc:1:    layout_caves, serial_shops, nicolae_shop_dealshenge
Orc:2:    grunt_orc_gardens, layout_caves, grunt_orc_garden, grunt_orc_garden,
          grunt_orc_garden, grunt_orc_garden, basic_altar

Skill      XL: |  1  2  3  4  5  6  7  8  9 10 11 12 13 |
---------------+----------------------------------------+-----
Fighting       | 2 3 4 8 10 11 | 11.7
Unarmed Combat | 4 5 6 7 8 9 |  9.1
Shapeshifting  | 4 5 6 7 |  7.0
Evocations     | 3 5 8 10 12 14 15 | 15.1
Polearms       | 3 7 11 12 | 12.0
Dodging        | 4 5 |  5.6
Shields        | 4 7 8 |  8.7

Action                     |  1- 3 |  4- 6 |  7- 9 | 10-12 | 13-15 || total
---------------------------+-------+-------+-------+-------+-------++-------
  Melee: Unarmed           |   104 |   134 |   263 |   151 |       ||   652
         Tailslap          |    13 |    17 |    46 |   261 |    53 ||   390
         Punch             |     1 |     3 |     8 |    30 |       ||    42
         Lance             |       |       |       |  1231 |   444 ||  1675
 Invoke: Sacrifice Essence |       |       |     1 |       |       ||     1
         Sacrifice Stealth |       |       |       |     1 |       ||     1
         Sacrifice Experie |       |       |       |     1 |       ||     1
         Draw Out Power    |       |       |       |     3 |     1 ||     4
         Power Leap        |       |       |       |     2 |     1 ||     3
         Sacrifice Arcana  |       |       |       |     1 |       ||     1
         Apocalypse        |       |       |       |     3 |     1 ||     4
         Sacrifice an Eye  |       |       |       |       |     1 ||     1
Ability: Breathe Dispellin |       |       |     1 |     3 |     2 ||     6
         Begin Untransform |       |       |       |     1 |       ||     1
  Evoke: Wand              |       |       |     5 |     3 |       ||     8
    Use: Scroll            |       |    10 |     7 |     9 |       ||    26
         Potion            |       |     5 |     2 |     3 |     2 ||    12
   Stab: Sleeping          |     1 |     1 |       |       |       ||     2
         Distracted        |       |       |     1 |     4 |     1 ||     6
         Invisible         |       |       |       |     9 |     3 ||    12
         Paralysed         |       |       |       |     7 |     1 ||     8
         Petrified         |       |       |       |     1 |     1 ||     2
         Petrifying        |       |       |       |       |     1 ||     1
 Armour: Skin              |    49 |    85 |   146 |   499 |   121 ||   900
  Dodge: Dodged            |    47 |    76 |   141 |   456 |    94 ||   814
  Block: Other             |       |       |    34 |    78 |       ||   112
         Reflection        |       |       |     1 |     4 |     6 ||    11
         Buckler           |       |       |       |   176 |   114 ||   290
   Form: Flux              |       |       |     1 |       |       ||     1
         Beast             |       |       |       |     1 |       ||     1
